 Dungeon Crawl Stone Soup version 0.17-a0-15-g0155121 (webtiles) character file.

9601 Ololoev the Basher (level 11, -1/75 HPs)
             Began as a Formicid Fighter on Mar 5, 2015.
             Was a High Priest of Zin.
             Slain by a starspawn tentacle (3 damage)
             ... attached to a tentacled starspawn
             ... on level 1 of the Abyss.
             The game lasted 00:53:50 (13889 turns).

Ololoev the Basher (Formicid Fighter)              Turns: 13889, Time: 00:53:51

Health: -1/75      AC: 10    Str: 23    XL:     11   Next: 77%
Magic:  20/27      EV: 14    Int:  8    God:    Zin [*****.]
Gold:   392        SH:  0    Dex: 11    Spells: 3 memorised, 3 levels left

rFire  + . .     SeeInvis +     A - +2 flail (holy)
rCold  . . .     Clarity  .     C - +2 leather armour {rF+}
rNeg   . . .     SustAb   .     (no shield)
rPois  +         Gourm    .     (helmet unavailable)
rElec  .         Spirit   .     s - +2 cloak {rPois}
rCorr  .         Warding  .     t - +1 pair of gloves
rMut   .         Stasis   +     (no boots)
MR     +....                    (no amulet)
Stlth  +.........               g - +3 ring of evasion
                                m - ring of wizardry

@: very slightly contaminated, constricted, somewhat resistant to hostile
enchantments, very unstealthy
A: permanent stasis, dig shafts and tunnels, four strong arms, antennae 3
a: Dig, Shaft Self, Recite, Vitalisation, Imprison, Sanctuary, Renounce Religion


You were on level 1 of the Abyss.
You worshipped Zin.
Zin was extremely pleased with you.
You were not hungry.

You visited 2 branches of the dungeon, and saw 12 of its levels.
You visited the Abyss 1 time.

You collected 657 gold pieces.
You donated 265 gold pieces to Zin.

Notes
Turn   | Place    | Note
--------------------------------------------------------------
     0 | D:1      | Ololoev, the Formicid Fighter, began the quest for the Orb.
     0 | D:1      | Reached XP level 1. HP: 18/18 MP: 1/1
    87 | D:1      | Reached XP level 2. HP: 16/24 MP: 3/3
   766 | D:1      | Reached XP level 3. HP: 27/29 MP: 4/4
  1333 | D:2      | Found a basalt altar of Yredelemnul.
  1333 | D:2      | Found a sacrificial altar of Ru.
  1334 | D:2      | Found an iron altar of Okawaru.
  1368 | D:2      | Found a glowing silver altar of Zin.
  1369 | D:2      | Found a shadowy altar of Dithmenos.
  1375 | D:2      | Became a worshipper of Zin the Law-Giver
  1376 | D:2      | Donated 26 gold pieces to Zin
  1376 | D:2      | Donated 13 gold pieces to Zin
  1376 | D:2      | Donated 6 gold pieces to Zin
  1376 | D:2      | Donated 3 gold pieces to Zin
  1376 | D:2      | Donated 2 gold pieces to Zin
  1435 | D:2      | Reached XP level 4. HP: 31/35 MP: 5/5
  1448 | D:2      | Reached skill level 4 in Maces & Flails
  1449 | D:2      | Noticed Jessica
  1457 | D:2      | Killed Jessica
  1870 | D:2      | Noticed Terence
  1960 | D:2      | Killed Terence
  2038 | D:2      | Reached XP level 5. HP: 41/41 MP: 7/7
  2048 | D:2      | Acquired Zin's first power
  2100 | D:2      | Reached skill level 5 in Maces & Flails
  2103 | D:2      | Reached skill level 1 in Invocations
  2105 | D:2      | Noticed Sigmund
  2157 | D:2      | Killed Sigmund
  2157 | D:2      | Reached XP level 6. HP: 29/47 MP: 8/10
  2838 | D:3      | Found a sparkling altar of Nemelex Xobeh.
  3382 | D:3      | Acquired Zin's second power
  3448 | D:3      | Found an opulent altar of Gozag.
  3705 | D:4      | Reached XP level 7. HP: 25/52 MP: 14/14
  3717 | D:4      | Reached skill level 6 in Maces & Flails
  4317 | D:4      | Found a staircase to the Ecumenical Temple.
  4487 | D:4      | Reached skill level 5 in Invocations
  4741 | D:4      | Found Sahezietu's General Store.
  4939 | D:4      | Reached skill level 7 in Maces & Flails
  5098 | Temple   | Entered the Ecumenical Temple
  5318 | D:2      | Donated 76 gold pieces to Zin
  5319 | D:2      | Donated 38 gold pieces to Zin
  5319 | D:2      | Donated 19 gold pieces to Zin
  5319 | D:2      | Donated 9 gold pieces to Zin
  5319 | D:2      | Donated 5 gold pieces to Zin
  5319 | D:2      | Donated 2 gold pieces to Zin
  5319 | D:2      | Donated 1 gold piece to Zin
  5353 | D:3      | Reached XP level 8. HP: 58/58 MP: 18/18
  5373 | D:5      | Entered Level 5 of the Dungeon
  5867 | D:5      | Noticed Dowan
  5869 | D:5      | Noticed Duvessa
  5892 | D:5      | Killed Duvessa
  5896 | D:5      | Killed Dowan
  6152 | D:5      | Reached skill level 8 in Maces & Flails
  6189 | D:5      | Acquired Zin's third power
  6827 | D:5      | Noticed Crazy Yiuf
  6832 | D:5      | Killed Crazy Yiuf
  7260 | D:6      | Noticed Blackbelt's ghost (experienced DsAK)
  7406 | D:6      | Killed Blackbelt's ghost
  7406 | D:6      | Reached skill level 9 in Maces & Flails
  7406 | D:6      | Reached XP level 9. HP: 39/64 MP: 21/21
  7657 | D:6      | Noticed Pikel
  7765 | D:6      | Noticed Edmund
  7781 | D:6      | Killed Edmund
  7818 | D:6      | Killed Pikel
  7818 | D:6      | Reached skill level 10 in Maces & Flails
  8041 | D:7      | Noticed Blork the orc
  8075 | D:6      | Killed Blork the orc
  8320 | D:7      | Found a white marble altar of Elyvilon.
  8445 | D:7      | Learned a level 2 spell: Repel Missiles
  8448 | D:7      | Learned a level 2 spell: Swiftness
  8452 | D:7      | Learned a level 3 spell: Flight
  8511 | D:7      | Reached XP level 10. HP: 44/70 MP: 23/23
  8535 | D:7      | Reached skill level 1 in Charms
  8776 | D:7      | Reached skill level 11 in Maces & Flails
  8817 | D:7      | Noticed Eustachio
  8840 | D:7      | Killed Eustachio
  9143 | D:8      | Acquired Zin's fourth power
 10532 | D:9      | Found a basalt altar of Yredelemnul.
 10559 | D:9      | Found a staircase to the Lair.
 10676 | D:8      | Reached skill level 12 in Maces & Flails
 10957 | D:9      | Reached skill level 10 in Invocations
 11244 | D:10     | Entered Level 10 of the Dungeon
 11296 | D:10     | Found a staircase to the Orcish Mines.
 11303 | D:10     | Found a roughly hewn altar of Beogh.
 11406 | D:8      | Reached XP level 11. HP: 51/75 MP: 26/26
 12218 | D:10     | Noticed a hill giant
 12282 | D:9      | Killed a hill giant
 12282 | D:9      | Reached skill level 13 in Maces & Flails
 12820 | D:10     | Noticed inmateoo's ghost (experienced DgFE)
 12871 | D:10     | Killed inmateoo's ghost
 13035 | D:10     | Noticed a hill giant
 13072 | D:10     | Killed a hill giant
 13430 | D:11     | Noticed Nergalle
 13432 | D:11     | Noticed a cyclops
 13526 | D:11     | Noticed Sonja
 13537 | D:11     | Cast into the Abyss (Sonja)
 13847 | Abyss:1  | Noticed a tentacled starspawn
 13852 | Abyss:1  | Noticed an eidolon
 13872 | Abyss:1  | Noticed a wretched star
 13873 | Abyss:1  | HP: 2/75 [tentacled starspawn (21)]
 13883 | Abyss:1  | HP: 3/75 [starspawn tentacle[a tentacled starspawn] (1)]
 13888 | Abyss:1  | HP: 2/75 [starspawn tentacle[a tentacled starspawn] (2)]
 13889 | Abyss:1  | Slain by a starspawn tentacle

Inventory:

Hand weapons
 a - a +4 flail of protection
 b - a +0 blowgun
 A - a +2 flail of holy wrath (weapon)
Missiles
 q - 17 poisoned needles
Armour
 s - a +2 cloak of poison resistance (worn)
 t - a +1 pair of gloves (worn)
 C - a +2 leather armour of fire resistance (worn)
Magical staves
 F - an uncursed staff of wizardry
Jewellery
 g - a +3 ring of evasion (right hand)
 m - a ring of wizardry (left hand)
Magical devices
 c - a wand of paralysis (10)
 y - a wand of digging (6)
 G - a wand of cold (3)
 H - a wand of frost (21)
Scrolls
 e - 2 scrolls of immolation
 i - 2 scrolls of magic mapping {unknown}
 j - 4 scrolls of fog
 k - 8 scrolls of remove curse
 o - a scroll of fear {unknown}
 r - a scroll of blinking {unknown}
 v - a scroll of identify
 w - a scroll of recharging {unknown}
 E - a scroll of enchant weapon {unknown}
Potions
 h - a potion of resistance
 p - 2 potions of cure mutation
 u - 3 potions of restore abilities
 x - a potion of magic {unknown}
 D - a potion of degeneration {unknown}
Miscellaneous
 I - a disc of storms
Comestibles
 d - 8 bread rations
 f - 9 fruits
 n - 4 beef jerkies
 z - 7 slices of pizza
 B - a royal jelly

Table legend:
 A = Turns spent in this place as a percentage of turns spent in the entire game.
 B = Non-inter-level travel turns spent in this place as a percentage of non-inter-level travel turns spent in the entire game.
 C = Inter-level travel turns spent in this place as a percentage of turns spent in this place.
 D = Turns resting spent in this place as a percentage of non-inter-level travel turns spent in this place.
 E = Turns spent auto-exploring this place as a percentage of non-inter-level travel turns spent in this place.
 F = Non-inter-level travel turns spent in this place divided by the number of levels of this place that you've seen.
                   A       B       C       D       E      F
               +-------+-------+-------+-------+-------+----------------------
         Total | 100.0 | 100.0 |   0.6 |   4.8 |   7.9 | 333.3
       Dungeon |  95.3 |  95.3 |   0.6 |   4.9 |   8.2 | 375.5
        Temple |   0.3 |   0.2 |   9.1 |  10.0 |  50.0 |  10.0
         Abyss |   4.4 |   4.5 |   0.0 |   3.6 |   0.0 | 193.0
               +-------+-------+-------+-------+-------+----------------------


   Skills:
 - Level 3.2 Fighting
 * Level 13.7 Maces & Flails
 - Level 3.2 Armour
   Level 3.6 Shields
 - Level 4.0 Charms
 + Level 11.5 Invocations


You had 3 spell levels left.
You knew the following spells:

 Your Spells              Type           Power        Failure   Level  Hunger
a - Repel Missiles        Chrm/Air       #.....       14%         2    ###....
b - Swiftness             Chrm/Air       #.......     14%         2    ###....
c - Flight                Chrm/Air       #.........   36%         3    ####...


Dungeon Overview and Level Annotations

Branches:
Dungeon (11/15)            Temple (1/1) D:4            Lair (0/8) D:9
    Orc (0/4) D:10

Altars:
Ashenzari
Cheibriados
Dithmenos
Elyvilon
Fedhas
Gozag
Kikubaaqudgha
Makhleb
Nemelex Xobeh
Okawaru
Qazlal
Ru
Sif Muna
Trog
Vehumet
Xom
Yredelemnul
Zin
The Shining One
Beogh

Shops:
D:4 *

Annotations:
D:11 Nergalle, Sonja


Innate Abilities, Weirdness & Mutations

You are under a permanent stasis effect.
You can dig through walls and to a lower floor.
Your four strong arms can wield two-handed weapons with a shield.
You have a pair of large antennae on your head (SInv).


Message History

The tentacled starspawn closely misses you.
The tentacled starspawn engulfs you.
Drink which item? (? for menu, Esc to quit)
You feel better. The starspawn tentacle constricts you.
The tentacled starspawn bites you but does no damage.
The tentacled starspawn closely misses you.
A wretched star comes into view.
You escape the starspawn tentacle's grasp.
The starspawn tentacle grabs you. The starspawn tentacle constricts you.
You escape the starspawn tentacle's grasp.
The tentacled starspawn bites you!!
The tentacled starspawn closely misses you.
The eidolon hits the tentacled starspawn!!
The eidolon barely misses the tentacled starspawn.
A tentacle flies out from the starspawn's body!
Casting: Repel Missiles
Confirm with . or Enter, or press ? or * to list all spells.
You miscast Flight.
You are very lightly contaminated with residual magic.
Ouch! You gave yourself an electric shock.
Casting: Flight
Confirm with . or Enter, or press ? or * to list all spells.
You miscast Flight.
Strange energies run through your body.
Tentacles burst from the starspawn's body!
Found a ring mail.
You have got your breath back.
The starspawn tentacle grabs you. The starspawn tentacle constricts you.
Your attempt to break free from the starspawn tentacle fails, but you feel that another attempt might succeed.
The starspawn tentacle constricts you.
You escape the starspawn tentacle's grasp.
Casting: Flight
Confirm with . or Enter, or press ? or * to list all spells.
You miscast Flight.
Your hands glow momentarily.
The starspawn tentacle grabs you. The starspawn tentacle constricts you.
Your attempt to break free from the starspawn tentacle fails, but you feel that another attempt might succeed.
The starspawn tentacle constricts you.
The starspawn tentacle loses its grip on you.
The tentacle pulls you backwards! The starspawn tentacle grabs you.
You die...

# #..#. #.{ ## *. ...
.. {# .## . #.## .. .
#.#..# #.#.. .# .#
#... #...*. #.#
##X#.# # . ## .#.*#
.#.#...# # #...
*.....*#.#####..# #
#. ...
.##{#w#........ #
.##*
....#*##.@......# #.
..#.#####*{#X###...##
# #...#wW.#.##w{#*..#
..# .
#..w#....#.{#*.####[
..#....###.###...[#.
. # ###.#.#.## #...##
# ### .#.##. ####...
.. # ...# . .


You could see a tentacled starspawn and a starspawn tentacle.

Table legend:
 A = Kills in this place as a percentage of kills in entire the game.
 B = Kills by you in this place as a percentage of kills by you in the entire game.
 C = Kills by friends in this place as a percentage of kills by friends in the entire game.
 D = Other kills in this place as a percentage of other kills in the entire game.
 E = Experience gained in this place as a percentage of experience gained in the entire game.
 F = Experience gained in this place divided by the number of levels of this place that you have seen.
                   A       B       C       D       E      F
               +-------+-------+-------+-------+-------+----------------------
         Total | 100.0 | 100.0 |  -nan | 100.0 | 100.0 | 1055.1
       Dungeon |  99.0 |  99.0 |  -nan | 100.0 |  96.5 | 1203.2
         Abyss |   1.0 |   1.0 |  -nan |   0.0 |   3.5 | 481.0
               +-------+-------+-------+-------+-------+----------------------

Vanquished Creatures
  The ghost of inmateoo the Firebug, an experienced DgFE (D:10)
  Pikel (D:6)
  2 hill giants
  The ghost of Blackbelt the Agent of Entropy, an experienced DsAK of Lugonu (D:6)
  An efreet (Abyss:1)
  A deep elf mage (D:9)
  8 yaks
  A human (D:10)
  A hungry ghost (D:10)
  Eustachio (D:7)
  A hog (D:10)
  Edmund (D:6)
  An eye of draining (D:10)
  A wasp (D:8)
  A water moccasin (D:6)
  2 sky beasts
  2 slaves (D:6)
  5 black bears
  3 orc warriors
  2 ice beasts
  2 phantoms
  A necrophage (D:10)
  3 ogres
  A centaur (D:6)
  Sigmund (D:2)
  Duvessa (D:5)
  6 giant frogs
  Blork the orc (D:6)
  8 scorpions
  5 wights
  3 killer bees (D:9)
  2 jellies (D:8)
  Dowan (D:5)
  2 small abominations (Abyss:1)
  4 crimson imps
  A quasit (D:10)
  A wasp zombie (D:9)
  11 orc priests
  A goliath beetle (D:5)
  Crazy Yiuf (D:5)
  A centaur skeleton (D:6)
  3 hounds
  6 worker ants
  An iguana (D:10)
  A giant frog skeleton (D:5)
  12 orc wizards
  2 sheep (D:10)
  Jessica (D:2)
  A hound zombie (D:6)
  Terence (D:2)
  A hound skeleton (D:5)
  2 worker ant zombies
  7 adders
  12 gnolls
  2 giant mites
  4 worms
  4 adder skeletons
  An adder zombie (D:6)
  8 giant geckos
  An ooze (D:1)
  31 orcs
  15 bats
  2 bat skeletons (D:5)
  A bat zombie (D:6)
  5 giant cockroaches
  11 goblins
  17 hobgoblins
  5 jackals
  16 kobolds
  2 ball pythons (D:2)
  A giant gecko skeleton (D:4)
  4 giant newts
  2 jackal skeletons
  5 quokkas
  A quokka skeleton (D:9)
  14 rats
  A fungus (D:9)
297 creatures vanquished.

Vanquished Creatures (others)
  5 starspawn tentacles (Abyss:1)
  152 starspawn tentacle segments (Abyss:1)
157 creatures vanquished.

Grand Total: 454 creatures vanquished

Action                   |  1- 3 |  4- 6 |  7- 9 | 10-12 || total
-------------------------+-------+-------+-------+-------++-------
Melee: Flail             |   111 |   157 |   433 |   512 ||  1213
 Fire: Blowgun           |       |       |     5 |     6 ||    11
 Cast: Repel Missiles    |       |       |       |     1 ||     1
Invok: Recite            |       |     1 |    26 |    37 ||    64
       Vitalisation      |       |     1 |       |       ||     1
 Abil: Dig               |     1 |       |     1 |     1 ||     3
Evoke: Wand              |       |       |       |     1 ||     1
  Use: Potion            |       |     3 |     2 |     5 ||    10
       Scroll            |       |       |     7 |    15 ||    22
 Stab: Confused          |       |       |    17 |     7 ||    24
       Paralysed         |       |       |     3 |     4 ||     7
       Invisible         |       |       |       |     5 ||     5
  Eat: Chunk             |     2 |     6 |    10 |    11 ||    29
       Fruit             |       |     1 |       |       ||     1
       Bread ration      |       |       |     1 |       ||     1
       Beef jerky        |       |       |     1 |       ||     1
       Meat ration       |       |       |       |     2 ||     2

Vault maps used:
D:1:      eino_arrival_water_star
D:2:      nicolae_overflow_hidden_temple, uniq_terence, uniq_sigmund,
          uniq_jessica
D:3:      lemuel_crystal_altar, first_bread, nemelex_diamond_rough_becter
D:4:      minmay_temple_entry_statues_pillars, serial_shops,
          nicolae_shop_statue_plus
D:5:      uniq_crazy_yiuf_cottage, uniq_duvessa
D:6:      uniq_pikel, uniq_prince_ribbit1, uniq_edmund
D:7:      elyvilon_altar_3, uniq_blork_the_orc, uniq_eustachio
D:9:      dpeg_oklobed_lair, basic_altar
D:10:     minmay_orc_entry_temple_small, nicolae_twisting_strands,
          grunt_livestock
D:11:     uniq_nergalle, uniq_sonja, uniq_psyche
Temple:   zaba_magenta_temple_12
